 Dungeon Crawl Stone Soup version 0.18.1-50-g88ac8fd (webtiles) character file.

23 Gianozzolo the Changer (level 2, -1/25 HPs)
             Began as a Naga Transmuter on Nov 10, 2017.
             Slain by a jackal (3 damage)
             ... on level 2 of the Dungeon.
             The game lasted 00:02:16 (1007 turns).

Gianozzolo the Changer (Naga Transmuter)            Turns: 1007, Time: 00:02:16

Health: -1/25      AC:  1    Str: 12    XL:     2   Next: 95%
Magic:  5/5        EV: 10    Int: 13    God:
Gold:   86         SH:  0    Dex: 11    Spells: 1 memorised, 4 levels left

rFire  . . .     SeeInvis +       - Unarmed
rCold  + . .     Gourm    +     b - +0 robe
rNeg   . . .     Faith    .     (no shield)
rPois  +         Spirit   .     (no helmet)
rElec  .         Dismiss  .     (no cloak)
rCorr  .         Reflect  .     (no gloves)
SustAt .         Harm     .     (no barding)
MR     .....                    g - amulet of the gourmand
Stlth  +.........               (no ring)
                                f - ring of protection from cold

@: very slow, not resistant to hostile enchantments, very unstealthy
A: see invisible, deformed body, poison resistance, slowness 2, slow metabolism
1, spit poison 2, AC +0
a: Spit Poison


You were on level 2 of the Dungeon.
You were not hungry.

You visited 1 branch of the dungeon, and saw 2 of its levels.

You collected 86 gold pieces.

Inventory:

Armour
 b - a +0 robe (worn)
Jewellery
 f - a ring of protection from cold (left hand)
 g - an amulet of the gourmand (around neck)
Scrolls
 a - 2 scrolls of remove curse {unknown}
 e - a scroll of identify {unknown}
 h - a scroll of amnesia {unknown}
Books
 c - a book of Changes

   Spells                             Type                      Level
   a - Beastly Appendage              Transmutation                1
   b - Sticks to Snakes               Transmutation                2
   c - Spider Form                    Transmutation/Poison         3
   d - Ice Form                       Ice/Transmutation            4
   e - Blade Hands                    Transmutation                5
Comestibles
 d - a bread ration


   Skills:
 - Level 1.0 Fighting
 - Level 1.5 Dodging
 - Level 3.0 Unarmed Combat
 - Level 2.0 Spellcasting
 + Level 3.3 Transmutations


You had 4 spell levels left.
You knew the following spells:

 Your Spells              Type           Power        Failure   Level  Hunger
a - Beastly Appendage     Trmt           ##....       10%         1    ##.....


Dungeon Overview and Level Annotations

Branches:
Dungeon (2/15)

Altars:


Innate Abilities, Weirdness & Mutations

You cannot wear boots.
Your serpentine skin is tough (AC +0).
You have supernaturally acute eyesight.
Armour fits poorly on your strangely shaped body.
Your system is resistant to poisons.
You cover ground very slowly.
You have a slow metabolism.
You can spit poison.


Message History

The jackal bites you.
* * * LOW HITPOINT WARNING * * *
The jackal bites you.
* * * LOW HITPOINT WARNING * * *
The jackal barely misses you. The jackal bites you.
* * * LOW HITPOINT WARNING * * *
The jackal completely misses you. The jackal barely misses you.
The jackal bites you.
* * * LOW HITPOINT WARNING * * *
The jackal closely misses you.
You aren't carrying any potions.
You miss the jackal. You headbutt the jackal.
You kill the jackal!
Your horns disappear.
You closely miss the jackal. The jackal closely misses you.
The jackal barely misses you.
You hit the jackal.
The jackal is severely wounded.
The jackal bites you.
You die...

+..........#... #...>..#
#......$).##.#####''####.
#............##≈≈≈..≈≈≈##
######.#+#>###≈≈≈≈..≈≈≈≈#
#.........##≈≈≈≈≈..≈≈≈≈≈
#.....#.###≈≈≈≈≈≈..≈≈≈≈≈
#......h##≈≈≈≈≈≈≈..≈≈≈≈≈
..####'###h#≈≈≈≈≈≈≈≈..≈≈≈≈≈
#.........#@#≈≈≈≈≈≈≈≈..≈≈≈≈≈
#..######.#.#≈≈≈≈≈≈≈....≈≈≈≈
#.#.'........≈≈.....
#...'........≈≈.....
#####≈≈≈≈≈≈≈..(.≈≈≈≈
#≈≈≈≈≈≈≈≈..≈≈≈≈≈
#≈≈≈≈≈≈≈≈..≈≈≈≈≈
##≈≈≈≈≈≈≈..≈≈≈≈≈
#≈≈≈≈≈≈..≈≈≈≈≈


You could see 2 jackals.

Vanquished Creatures
  A worm (D:2)
  2 dart slugs (D:1)
  A goblin (D:1)
  3 hobgoblins
  A jackal (D:2)
  3 kobolds
  2 bats
  A giant newt (D:2)
  2 rats (D:1)
16 creatures vanquished.

Notes
Turn   | Place    | Note
--------------------------------------------------------------
     0 | D:1      | Gianozzolo the Naga Transmuter began the quest for the Orb.
     0 | D:1      | Reached XP level 1. HP: 18/18 MP: 3/3
   265 | D:1      | Reached XP level 2. HP: 25/25 MP: 3/5
  1001 | D:2      | HP: 1/25 [jackal (3)]
  1007 | D:2      | Slain by a jackal

Skill      XL: |  1  2 |
---------------+-------+-----
Transmutations | 3 |  3.3
Fighting       | |  1.0
Dodging        | |  1.5
Unarmed Combat | |  3.0
Spellcasting   | |  2.0

Action                   || total
-------------------------++-------
Melee: Unarmed           ||    51
       Headbutt          ||     5
       Punch             ||     1
 Cast: Beastly Appendage ||     8
 Abil: Spit Poison       ||     3
  Eat: Chunk             ||     1
Armor: Robe              ||     9
Dodge: Dodged            ||    35
